Map: Beckett Industries LE

Players

Dolan

  • Race: Terran Terran

MaSa - Winner!

  • Race: Terran Terran

Event: DreamHack SC2 Masters 2021 Winter

VOD

Have the link to the VOD?

Description

Time

  • Played on: Oct. 10, 2021, 4:39 p.m.
  • Length: 4:34

All games in this series

Show
View Real Time Build Order
Export as new Build Order

Dolan Terran 

Build Orders:  

Get SALT Encoding   

  12  0:00  SCV  
  13  0:12  SCV  
  14  0:17  Supply Depot  
  14  0:24  SCV  
  15  0:39  Barracks  
  15  0:41  Refinery  
  15  0:54  Barracks  
  15  1:09  Barracks  
  15  1:19  Refinery  
  15  1:27  Reaper  
  16  1:43  Reaper  
  17  1:53  Supply Depot  
  17  2:02  Reaper  
  18  2:11  Reaper  
  19  2:19  Reaper  
  19  2:41  Reaper  
  19  2:43  Reaper  
  20  2:51  Reaper  
  20  3:08  Orbital Command  
  20  3:13  Reaper  
  20  3:15  Reaper  
  19  3:43  Reaper  
  19  3:45  Reaper  
  19  3:47  Reaper  
  22  3:50  SCV  
  22  3:53  Factory  
  20  4:11  SCV  
Show
View Real Time Build Order
Export as new Build Order

MaSa Terran - Winner!

Build Orders:  

Get SALT Encoding   

  12  0:00  SCV  
  13  0:12  SCV  
  14  0:17  Supply Depot  
  14  0:24  SCV  
  15  0:38  SCV  
  15  0:40  Barracks  
  16  0:43  Refinery  
  16  0:49  Refinery  
  16  0:53  SCV  
  17  1:05  SCV  
  18  1:17  SCV  
  19  1:27  Reaper  
  19  1:29  Supply Depot  
  19  1:30  Orbital Command  
  20  1:44  Factory  
  20  1:57  SCV  
  20  2:00  Reaper  
  22  2:03  Bunker  
  21  2:09  SCV  
  22  2:19  Bunker  
  22  2:21  SCV  
  24  2:30  Hellion  
  24  2:33  SCV, Reaper  
  24  2:45  SCV  
  25  2:53  Hellion  
  25  2:57  SCV  
  27  3:00  Starport  
  27  3:07  Reaper  
  27  3:09  SCV  
  27  3:12  Supply Depot  
  29  3:14  Hellion  
  31  3:33  SCV  
  31  3:37  Hellion  
  31  3:38  Medivac  
  31  3:40  Reaper  
  34  3:48  Command Center  
  32  3:51  SCV  
  32  4:05  Hellion  
  32  4:08  SCV  
  39  4:17  Starport Tech Lab  
  39  4:20  Supply Depot, SCV  

Tags
 
Add a new tag
Caveats
  • Supply blocks, unpowered buildings, or Contaminate may cause inaccurate times.
  • Supply counts are checked every 10 seconds.